Map: Lost and Found LE

Players

Yabba

  • Race: Terran Terran
  • League: Silver
  • Spawn Location: 1:00

Michael - Winner!

  • Race: Protoss Protoss
  • Spawn Location: 7:00

VOD

Have the link to the VOD?

Description

Time

  • Played on: Aug. 18, 2018, 5:12 p.m.
  • Length: 10:31
Show
View Real Time Build Order
Export as new Build Order

Yabba Terran 

Build Orders: MMM Bio 

Get SALT Encoding   

  12  0:02  SCV  
  13  0:17  Supply Depot  
  13  0:20  Refinery  
  13  0:39  SCV  
  13  0:42  Barracks  
  14  0:51  SCV  
  15  0:57  Supply Depot  
  15  1:11  SCV  
  16  1:22  Barracks  
  16  1:28  SCV  
  16  1:31  Barracks Reactor  
  17  1:44  Orbital Command  
  17  1:59  Engineering Bay  
  17  2:08  Marine x2  
  18  2:12  Barracks Tech Lab  
  19  2:23  Supply Depot  
  19  2:34  Terran Infantry Armor Level 1  
  19  2:48  SCV  
  20  2:51  Refinery  
  20  2:54  Marine x2  
  20  2:55  Marine  
  23  2:59  Combat Shields  
  23  3:00  SCV  
  24  3:12  SCV  
  25  3:19  Supply Depot  
  25  3:24  SCV  
  26  3:36  SCV  
  26  3:39  Marine x2  
  30  3:41  Supply Depot  
  30  3:43  Marauder  
  32  3:48  SCV  
  32  4:05  Command Center  
  32  4:16  Marine x3  
  35  4:42  Factory  
  35  4:48  Terran Infantry Weapons Level 1, Marine x3  
  35  4:51  Stimpack  
  38  5:17  Bunker  
  38  5:23  Planetary Fortress  
  38  5:29  Factory Tech Lab  
  38  5:34  SCV, Refinery  
  39  5:46  SCV  
  39  5:47  Bunker  
  40  5:58  SCV  
  41  6:10  SCV  
  42  6:22  SCV  
  43  6:27  Bunker  
  43  6:30  SCV  
  44  6:42  SCV  
  46  6:54  SCV, Refinery  
  46  7:00  SCV  
  47  7:06  SCV  
  48  7:09  Missile Turret  
  48  7:12  SCV  
  48  7:14  Marine x2  
  52  7:17  Marauder  
  52  7:18  SCV  
  54  7:24  SCV  
  55  7:39  Missile Turret  
  55  7:41  Siege Tank  
  49  8:00  Bunker  
  47  8:28  Siege Tank  
  47  8:30  Marine x3  
  53  8:39  Barracks  
  53  8:40  Barracks  
  53  8:45  Starport  
  53  8:48  Marine  
  54  8:55  Starport  
  54  8:58  Starport x2  
  54  9:23  Missile Turret, Starport  
  54  9:30  Barracks Reactor  
  54  9:31  Barracks Reactor  
  54  9:42  Missile Turret  
  54  9:48  Command Center  
Show
View Real Time Build Order
Export as new Build Order

Michael Protoss - Winner!

Build Orders:  

Get SALT Encoding   

  1  0:00  Probe  
  12  0:05  Probe  
  14  0:15  Probe  
  15  0:22  Pylon  
  15  0:40  Probe  
  15  0:41  Gateway  
  16  0:51  Probe  
  16  0:52  Assimilator  
  17  0:58  Assimilator  
  17  0:59  Probe  
  18  1:07  Probe  
  18  1:10  Gateway  
  19  1:18  Probe  
  20  1:26  Pylon  
  20  1:32  Cybernetics Core  
  20  1:34  Probe  
  21  1:46  Probe  
  22  1:49  Warp Gate  
  22  1:52  Zealot  
  24  1:57  Zealot  
  26  2:24  Nexus  
  26  2:31  Zealot  
  28  2:39  Stalker  
  30  2:52  Pylon  
  30  3:03  Pylon  
  30  3:10  Stalker  
  32  3:14  Gateway  
  32  3:28  Robotics Facility  
  32  3:37  Stargate  
  32  3:40  Probe  
  33  3:41  Probe  
  33  3:48  Probe  
  34  3:53  Probe  
  36  3:57  Probe  
  37  4:05  Probe  
  38  4:13  Stalker  
  38  4:14  Stalker  
  38  4:17  Zealot, Probe  
  44  4:19  Probe  
  46  4:25  Probe  
  47  4:31  Probe  
  47  4:33  Probe  
  49  4:41  Probe, Assimilator  
  49  4:43  Probe  
  51  4:46  Assimilator  
  51  4:51  Probe  
  51  4:56  Void Ray, Probe  
  57  5:03  Probe  
  57  5:05  Observer  
  59  5:10  Stalker  
  61  5:19  Pylon  
  61  5:21  Pylon  
  61  5:23  Pylon  
  61  5:28  Forge  
  61  5:32  Pylon  
  61  5:35  Immortal, Void Ray, Gateway  
  69  6:04  Protoss Shields Level 1  
  69  6:11  Immortal  
  69  6:16  Void Ray  
  77  6:34  Zealot x3  
  83  6:49  Void Ray  
  83  6:51  Nexus  
  83  6:54  Pylon  
  83  6:56  Pylon  
  83  7:00  Zealot  
  83  7:01  Zealot  
  91  7:02  Zealot  
  91  7:03  Immortal  
  97  7:32  Void Ray  
  101  7:39  Pylon  
  101  7:44  Pylon  
  75  8:18  Void Ray  
  75  8:19  Probe  
  75  8:22  Probe x2  
  75  8:26  Immortal  
  78  8:27  Probe  
  83  8:34  Probe  
  83  8:35  Probe  
  83  8:37  Zealot, Probe  
  83  8:38  Zealot  
  83  8:40  Zealot x2  
  98  8:46  Probe  
  98  8:47  Probe  
  98  8:48  Pylon  
  100  8:50  Probe  
  101  8:58  Probe  
  101  8:59  Void Ray, Probe  
  101  9:02  Probe  
  108  9:11  Probe x2  
  108  9:14  Probe  
  108  9:15  Gateway  
  108  9:16  Gateway  
  111  9:18  Gateway  
  111  9:19  Gateway  
  111  9:22  Gateway  
  111  9:23  Probe x2  
  113  9:34  Void Ray  
  92  10:22  Zealot x2  
  92  10:23  Zealot x2  
Tags
 
Composition
MMM Bio
League
Silver
Matchup
PvT
Spawn Locations
Cross Positions
Add a new tag
Caveats
  • Supply blocks, unpowered buildings, or Contaminate may cause inaccurate times.
  • Supply counts are checked every 10 seconds.